 Dungeon Crawl Stone Soup version 0.21.1-1-g345015f (webtiles) character file.

345 twistedcrescendo the Cudgeler (level 6, -1/58 HPs)
             Began as a Minotaur Berserker on July 2, 2018.
             Was a Priest of Trog.
             Splashed by a jelly's acid (8 damage)
             ... on level 3 of the Dungeon.
             The game lasted 00:12:11 (2311 turns).

twistedcrescendo the Cudgeler (Minotaur Berserker)  Turns: 2311, Time: 00:12:13

Health: -1/58      AC: -3    Str: 22    XL:     6   Next: 32%
Magic:  5/5        EV:  8    Int:  4    God:    Trog [***...]
Gold:   58         SH:  0    Dex: 11    Spells: 5/5 levels left

rFire    . . .     SeeInvis .   a - +0 mace
rCold    . . .     Gourm    .   (no shield)
rNeg     . . .     Faith    .   m - +0 chain mail
rPois    .         Spirit   .   (helmet restricted)
rElec    .         Reflect  .   p - scarf {cloud immunity}
rCorr    .         Harm     .   (no gloves)
MR       .....                  (no boots)
Stlth    ..........             (no amulet)
HPRegen  0.19/turn              (no ring)
MPRegen  0.09/turn              (no ring)

@: corroded
A: retaliatory headbutt, horns 2
a: Berserk, Trog's Hand, Burn Spellbooks, Renounce Religion


You were on level 3 of the Dungeon.
You worshipped Trog.
Trog was most pleased with you.
You were hungry.

You visited 1 branch of the dungeon, and saw 3 of its levels.

You collected 58 gold pieces.

Inventory:

Hand Weapons
 a - a +0 mace (weapon)
 B - a +0 mace
Missiles
 C - 9 tomahawks (quivered)
Armour
 b - a +0 animal skin
 m - a +0 chain mail (worn)
 p - a scarf of cloud immunity (worn)
 q - a +0 shield
Jewellery
 r - an uncursed ring of poison resistance {unknown}
 z - an uncursed ring of ice {unknown}
 A - an uncursed ring of resist corrosion {unknown}
Wands
 x - a wand of iceblast (7)
Scrolls
 d - a scroll of enchant armour {unknown}
 g - a scroll of noise {unknown}
 i - 4 scrolls of teleportation {unknown}
 k - a scroll of random uselessness {unknown}
 l - a scroll of immolation {unknown}
 s - a scroll of enchant weapon {unknown}
 t - a scroll of fear {unknown}
 u - 2 scrolls of remove curse {unknown}
 y - a scroll of identify {unknown}
 D - a scroll of blinking {unknown}
Potions
 e - a potion of ambrosia {unknown}
 h - 2 potions of resistance {unknown}
 j - a potion of heal wounds {unknown}
 n - 2 potions of degeneration {unknown}
 o - 2 potions of haste {unknown}
 v - a potion of agility {unknown}
 w - a potion of curing {unknown}
Comestibles
 c - 5 rations


   Skills:
 + Level 6.5 Fighting
 + Level 6.5 Maces & Flails
 - Level 2.5 Armour
 - Level 2.2 Dodging


You had 5 spell levels left.
You didn't know any spells.

Dungeon Overview and Level Annotations

Branches:
Dungeon (3/15)

Altars:
Nemelex Xobeh


Innate Abilities, Weirdness & Mutations

You reflexively headbutt those who attack you in melee.
You have a pair of horns on your head.


Message History

You are too injured to fight recklessly!
Unknown command.
You hit the jelly.
Your hands burn!
The jelly is severely wounded.
The jelly closely misses you.
You hit the jelly but do no damage.
Your hands burn!
The jelly is severely wounded.
The jelly hits you.
* * * LOW HITPOINT WARNING * * *
You are splashed with acid!
The acid burns!
* * * LOW HITPOINT WARNING * * *
All of the chunks of flesh in your inventory have rotted away.
You hit the jelly. The acid corrodes you!
Your hands burn!
* * * LOW HITPOINT WARNING * * *
You headbutt the jelly, but do no damage.
The jelly is almost dead.
The jelly hits you.
* * * LOW HITPOINT WARNING * * *
You are splashed with acid!
The acid burns!
You die...

......#...#### #.......#
#... ###....(.....#
#.......# #...
#...[......###.......####
#...
#..........##....>......#
#...
#..........##...........#
#...
#..........##...........#
#...
#..........##...........#
#...
###..........##...........#
#...
..'..........''.@J........#
#...
###..........##...........#
#...
#...........+...........#
#...
#########'###...........#
#... #.........#
#########'#.# #...
#.######### #.#.# #### #.#
#.#)# ###.# #.#.# ...(#
#.#.#


You could see a jelly.

Vanquished Creatures
  Sigmund (D:2)
  8 adders
  An ooze (D:3)
  A worm (D:3)
  2 dart slugs (D:1)
  4 leopard geckos
  7 orcs (D:3)
  A ball python (D:1)
  2 giant cockroaches (D:3)
  2 goblins
  12 hobgoblins
  8 jackals
  10 kobolds
  3 quokkas
  16 bats
  2 frilled lizards (D:1)
  10 rats
90 creatures vanquished.

Notes
Turn   | Place    | Note
-------+----------+-------------------------------------------
     0 | D:1      | twistedcrescendo the Minotaur Berserker began the quest for the Orb.
     0 | D:1      | Reached XP level 1. HP: 19/19 MP: 0/0
    78 | D:1      | Reached XP level 2. HP: 25/27 MP: 1/1
   360 | D:1      | Reached ** piety under Trog
   475 | D:1      | Reached XP level 3. HP: 28/34 MP: 2/2
   804 | D:2      | Reached XP level 4. HP: 30/41 MP: 3/3
   814 | D:2      | Reached skill level 5 in Fighting
   814 | D:2      | Reached skill level 5 in Maces & Flails
   876 | D:2      | Noticed Sigmund
   884 | D:2      | Killed Sigmund
   884 | D:2      | Reached XP level 5. HP: 50/50 MP: 4/4
   893 | D:2      | Found a sparkling altar of Nemelex Xobeh.
  1086 | D:2      | Reached XP level 6. HP: 54/57 MP: 5/5
  1679 | D:3      | Reached *** piety under Trog
  2311 | D:3      | Splashed by a jelly's acid

Skill      XL: |  1  2  3  4 |
---------------+-------------+-----
Maces & Flails | 4 6 |  6.5
Fighting       | 4 6 |  6.5
Armour         | |  2.5
Dodging        | |  2.2

Action                   |  1- 3 |  4- 6 || total
-------------------------+-------+-------++-------
Melee: Mace              |    76 |   110 ||   186
       Headbutt          |     6 |    16 ||    22
Throw: Tomahawk          |       |    12 ||    12
Invok: Berserk           |       |     1 ||     1
  Eat: Chunk             |       |     5 ||     5
Armor: Animal skin       |    14 |       ||    14
       Chain mail        |    15 |    56 ||    71
Dodge: Dodged            |    55 |    56 ||   111
